[Event "Titled Tuesday Blitz November 29 Late 2022"]
[White "Curtis, John"]
[Black "Ansh M Shah"]
[WhiteFideId "3200256"]
[BlackFideId "25033379"]
[WhiteElo "2203"]
[BlackElo "2084"]
[Result "0-1"]
[Round "03"]
[TimeControl "180+1"]
[Date "2022.11.30"]
[WhiteClock "0:00:02"]
[BlackClock "0:00:03"]

1. e4 c6 2. d4 d5 3. exd5 cxd5 4. c4 Nf6 5. Nc3 Nc6 6. Nf3 g6 7. cxd5 Bg7 8. dxc6 bxc6 9. Bc4 O-O 10. Ne5 c5 11. Be3 Qb6 12. Qb3 Qd6 13. Rd1 Rb8 14. Bxf7+ Kh8 15. Qc4 Ba6 16. Qxc5 Rxb2 17. Bb3 Ne4 18. Qxd6 exd6 19. Rb1 Rxb1+ 20. Nxb1 dxe5 21. d5 Rc8 22. f3 Nc5 23. Bxc5 Rxc5 24. Kf2 Bd3 25. Rd1 e4 26. d6 Rc6 27. d7 Rd6 28. fxe4 Rxd7 29. Bd5 Bxe4 30. Bxe4 Rxd1 31. Ke2 Rd6 32. Nd2 Bc3 33. Nf3 Kg7 34. Bd3 Bf6 35. Bc4 Rb6 36. Bb3 a5 37. g4 h6 38. h4 Rb4 39. g5 hxg5 40. hxg5 Be7 41. Ke3 a4 42. Bd5 a3 0-1


[Site "https://www.chess.com"]

[Event "Titled Tuesday Blitz November 29 Late 2022"]
[White "Czopor, Maciej"]
[Black "Wirig, Anthony"]
[WhiteFideId "21805431"]
[BlackFideId "615013"]
[WhiteElo "2629"]
[BlackElo "2913"]
[Result "0-1"]
[Round "03"]
[TimeControl "180+1"]
[Date "2022.11.30"]
[WhiteClock "0:01:22"]
[BlackClock "0:01:34"]

1. c4 c5 2. Nc3 g6 3. h4 h5 4. d3 Bg7 5. Nf3 Nc6 6. Bg5 d6 7. Qd2 a6 8. g3 Rb8 9. Bg2 b5 10. b3 b4 11. Nd1 Bxa1 12. Nb2 Qa5 13. Na4 Bc3 14. Nxc3 bxc3 15. Qc1 Qxa2 16. Qxc3 Qb1+ 17. Kd2 Qa2+ 18. Ke3 f6 19. Nd2 Nd4 20. Ra1 Qxa1 21. Qxa1 Nc2+ 0-1


[Site "https://www.chess.com"]

[Event "Titled Tuesday Blitz November 29 Late 2022"]
[White "Dardha, Daniel"]
[Black "Al-Tarboush, Ward"]
[WhiteFideId "240990"]
[BlackFideId "7601450"]
[WhiteElo "2860"]
[BlackElo "2574"]
[Result "1-0"]
[Round "03"]
[TimeControl "180+1"]
[Date "2022.11.30"]
[WhiteClock "0:00:04"]
[BlackClock "0:00:05"]

1. d4 d5 2. c4 c6 3. Nf3 Nf6 4. e3 e6 5. Bd3 dxc4 6. Bxc4 Nbd7 7. O-O Bd6 8. Nc3 b5 9. Be2 O-O 10. Qc2 Bb7 11. Rd1 Qe7 12. e4 e5 13. dxe5 Nxe5 14. Nd4 Neg4 15. h3 Bh2+ 16. Kf1 Nxf2 17. Kxf2 b4 18. Nf5 Qe5 19. Bf3 bxc3 20. Qxc3 Qe6 21. Bg5 Be5 22. Qb3 h6 23. Be3 c5 24. Qxb7 Rab8 25. Qe7 Rxb2+ 26. Kg1 Rc2 27. Rac1 Qxa2 28. Rxc2 Qxc2 29. Rc1 Qb2 30. Qxc5 Rd8 31. Qxa7 Rd7 32. Qa8+ Kh7 33. Rf1 Qb3 34. Qf8 Ng8 35. Qc5 Bf6 36. e5 Bd8 37. Be4 g6 38. Qf8 gxf5 39. Bxf5+ Kh8 40. Bxh6 Qb7 41. Qg7# 1-0


[Site "https://www.chess.com"]

[Event "Titled Tuesday Blitz November 29 Late 2022"]
[White "Darini, Pouria"]
[Black "Gonzalez, Francisco Silva"]
[WhiteFideId "12502200"]
[BlackFideId "1512285"]
[WhiteElo "2483"]
[BlackElo "2159"]
[Result "1-0"]
[Round "03"]
[TimeControl "180+1"]
[Date "2022.11.30"]
[WhiteClock "0:00:07"]
[BlackClock "0:00:07"]

1. e4 e5 2. Nf3 Nc6 3. Bb5 a6 4. Ba4 Nf6 5. d3 b5 6. Bb3 Bc5 7. O-O d6 8. a4 Bg4 9. c3 O-O 10. Nbd2 h6 11. Re1 Bb6 12. Nf1 Ne7 13. Be3 Bxe3 14. Nxe3 Ng6 15. Nxg4 Nxg4 16. d4 c5 17. Bd5 Rb8 18. axb5 axb5 19. dxc5 dxc5 20. Ra7 Qb6 21. Rxf7 Rxf7 22. Bxf7+ Kxf7 23. Qd7+ Kg8 24. Qxg4 Rd8 25. h4 Qf6 26. g3 Rf8 27. Kg2 Rd8 28. Qf5 Rd3 29. Qxf6 gxf6 30. Ra1 b4 31. Ra7 bxc3 32. bxc3 Rxc3 33. h5 Nh8 34. Nh4 Nf7 35. Nf5 c4 36. Ra8+ Kh7 37. Ra7 Kg8 38. Ra8+ Kh7 39. Rf8 Ng5 40. Rxf6 Nxe4 41. Rxh6+ Kg8 42. Rg6+ Kf7 43. Nd6+ Nxd6 44. Rxd6 Rc1 45. Rc6 e4 46. g4 c3 47. g5 c2 48. h6 e3 49. g6+ Ke7 50. fxe3 Kd7 51. Rc3 Ra1 52. h7 Ra2 53. Kf3 c1=B 54. Rxc1 Rh2 55. g7 Rh3+ 56. Ke4 Rxh7 57. g8=Q Re7+ 58. Kd5 Rg7 59. Qxg7+ Kd8 60. Rh1 1-0


[Site "https://www.chess.com"]

[Event "Titled Tuesday Blitz November 29 Late 2022"]
[White "Di Berardino, Diego Rafael"]
[Black "Szyszylo, Rafal"]
[WhiteFideId "2105446"]
[BlackFideId "1109626"]
[WhiteElo "2442"]
[BlackElo "1981"]
[Result "1-0"]
[Round "03"]
[TimeControl "180+1"]
[Date "2022.11.30"]
[WhiteClock "0:01:06"]
[BlackClock "0:00:07"]

1. e4 d6 2. c4 Nf6 3. Nc3 g6 4. g3 Bg7 5. Bg2 O-O 6. Nge2 Nc6 7. O-O a6 8. d3 Rb8 9. Rb1 b5 10. h3 e5 11. Be3 Be6 12. b3 Nd7 13. f4 exf4 14. Nxf4 Nd4 15. Nce2 Nxe2+ 16. Qxe2 Qe7 17. Nd5 Bxd5 18. cxd5 f5 19. Rbc1 fxe4 20. Rxc7 exd3 21. Qxd3 Rxf1+ 22. Bxf1 Re8 23. Bf4 Rf8 24. h4 Ne5 25. Rxe7 Nxd3 26. Bxd3 Bd4+ 27. Kg2 Rc8 28. Bxd6 Rc3 29. Be4 Re3 30. Bf4 Re2+ 31. Kf3 Rxa2 32. d6 h5 33. Bd5+ Kh8 34. Be5+ Bxe5 35. Rxe5 1-0


[Site "https://www.chess.com"]

[Event "Titled Tuesday Blitz November 29 Late 2022"]
[White "Droin, Augustin"]
[Black "Mesa Cruz, Juan Carlos"]
[WhiteFideId "45105987"]
[BlackFideId "6423400"]
[WhiteElo "2316"]
[BlackElo "2059"]
[Result "1-0"]
[Round "03"]
[TimeControl "180+1"]
[Date "2022.11.30"]
[WhiteClock "0:01:10"]
[BlackClock "0:01:46"]

1. e4 c5 2. Nf3 e6 3. d4 cxd4 4. Nxd4 a6 5. g3 Nc6 6. Bg2 d6 7. O-O Bd7 8. c4 Rc8 9. b3 Nxd4 10. Qxd4 Be7 11. Bb2 Bf6 12. Qd2 Bxb2 13. Qxb2 Qf6 14. Nc3 Ne7 15. Rad1 Rc6 16. f4 O-O 17. e5 dxe5 18. Rxd7 1-0


[Site "https://www.chess.com"]

[Event "Titled Tuesday Blitz November 29 Late 2022"]
[White "Dylag, Emilia"]
[Black "Cappelletto, Joshuaede"]
[WhiteFideId "21805172"]
[BlackFideId "2824383"]
[WhiteElo "1878"]
[BlackElo "2237"]
[Result "1-0"]
[Round "03"]
[TimeControl "180+1"]
[Date "2022.11.30"]
[WhiteClock "0:01:48"]
[BlackClock "0:01:41"]

1. d4 Nf6 2. c4 b6 3. g3 Bb7 4. Nf3 g6 5. Bg2 Bg7 6. O-O O-O 7. Nc3 c5 8. d5 e6 9. e4 exd5 10. cxd5 d6 11. Bf4 Re8 12. Re1 a6 13. e5 dxe5 14. Nxe5 Nh5 15. Nc6 Bxc6 16. dxc6 Rxe1+ 17. Qxe1 Nxf4 18. gxf4 Qc7 19. Qe8+ Bf8 20. Nd5 Qxc6 21. Ne7+ 1-0


[Site "https://www.chess.com"]

[Event "Titled Tuesday Blitz November 29 Late 2022"]
[White "Dzierzak, Radoslaw"]
[Black "Tanenbaum, Zachary"]
[WhiteFideId "1161407"]
[BlackFideId "2060850"]
[WhiteElo "2111"]
[BlackElo "2175"]
[Result "1-0"]
[Round "03"]
[TimeControl "180+1"]
[Date "2022.11.30"]
[WhiteClock "0:00:08"]
[BlackClock "0:00:04"]

1. e4 e5 2. Nf3 Nc6 3. Bc4 Nf6 4. d3 Be7 5. O-O O-O 6. Re1 d6 7. a4 Be6 8. Nbd2 a6 9. c3 Nd7 10. a5 Bg5 11. Nxg5 Qxg5 12. Nf3 Qg6 13. Qb3 Nc5 14. Qc2 Bxc4 15. dxc4 Ne6 16. Nh4 Qh5 17. Nf5 Rae8 18. b4 Ne7 19. Ng3 Qg6 20. h4 f5 21. h5 Qg4 22. exf5 Nf4 23. Bxf4 exf4 24. Qe2 Qxe2 25. Nxe2 f3 26. Nd4 fxg2 27. Ne6 Rf7 28. Nxc7 Rc8 29. Rxe7 Rxe7 30. Nd5 Re5 31. Ne3 d5 32. c5 Rd8 33. Rd1 Kf7 34. Kxg2 Kf6 35. Ng4+ Kxf5 36. Nxe5 Kxe5 37. Rd4 Rf8 38. Kg3 Rf5 39. f4+ Ke6 40. Kg4 g6 41. hxg6 hxg6 42. Rd1 Rh5 43. Re1+ Kf6 44. Re3 Rh1 45. Rd3 Rg1+ 46. Kf3 Ke6 47. Ke3 Rg2 48. Kd4 Rf2 49. Re3+ Kf6 50. Kxd5 Rxf4 51. Re6+ Kf7 52. Rb6 Rf3 53. Rxb7+ Kf6 54. Kc4 Rf4+ 55. Kb3 Ke6 56. Rb6+ Kf7 57. Rxa6 g5 58. Rd6 Rh4 59. Rd1 g4 60. a6 Kf6 61. a7 Rh8 62. b5 Kg5 63. b6 g3 64. b7 Kg4 65. a8=Q Rh4 66. Qg8+ Kh3 67. Qe6+ Kh2 68. Qe2+ g2 69. Rd2 Kg3 70. Qxg2+ Kf4 71. Rd4+ Ke3 72. Qd2+ Kf3 73. Rxh4 Kg3 74. Qh2+ Kf3 75. Qh3+ Kf2 76. Qd3 Kg2 77. Rg4+ Kf2 78. Qg3+ Ke2 79. Re4+ Kd2 80. Qe3+ Kd1 81. Rd4# 1-0


[Site "https://www.chess.com"]

[Event "Titled Tuesday Blitz November 29 Late 2022"]
[White "Ehlvest, Jaan"]
[Black "Grot, Blazej"]
[WhiteFideId "4500016"]
[BlackFideId "21835845"]
[WhiteElo "2430"]
[BlackElo "1822"]
[Result "1-0"]
[Round "03"]
[TimeControl "180+1"]
[Date "2022.11.30"]
[WhiteClock "0:00:33"]
[BlackClock "0:00:04"]

1. e4 e5 2. Nf3 Nc6 3. Nc3 Nf6 4. Bb5 Bd6 5. d3 O-O 6. a3 Bc5 7. h3 d6 8. Bg5 a6 9. Bc4 Be6 10. Nd5 Bxd5 11. Bxd5 Ne7 12. Bxf6 gxf6 13. Ba2 f5 14. Nh4 fxe4 15. dxe4 Ng6 16. Nf5 Qg5 17. Qg4 Qxg4 18. hxg4 Rae8 19. Ke2 c6 20. Rh6 d5 21. Rah1 Rd8 22. Rxh7 Rfe8 23. g3 Rd7 24. Rg7+ Kf8 25. Rhh7 Re6 26. Nh6 Ke8 27. Rxf7 Rxf7 28. Nxf7 Re7 29. Ng5 Rxh7 30. Nxh7 Be7 31. exd5 cxd5 32. Bxd5 b6 33. Be4 Nf8 34. Nxf8 Bxf8 35. f4 a5 36. g5 Bg7 37. f5 Kf8 38. f6 Bh8 39. g4 Kf7 40. c4 Ke6 41. b4 axb4 42. axb4 Kd6 43. Kd3 Ke6 44. c5 bxc5 45. b5 Kd7 46. Kc4 Kc7 47. Kxc5 Kb8 48. b6 Kc8 49. Kd6 Kb8 50. Kxe5 Kc8 51. Ke6 Kd8 52. Kf7 Kc8 53. Kg8 Bg7 54. fxg7 1-0


[Site "https://www.chess.com"]

[Event "Titled Tuesday Blitz November 29 Late 2022"]
[White "Espinosa, Pedro"]
[Black "Nepo"]
[WhiteFideId "30921066"]
[WhiteElo "2016"]
[BlackElo "2188"]
[Result "1/2-1/2"]
[Round "03"]
[TimeControl "180+1"]
[Date "2022.11.30"]
[WhiteClock "0:00:27"]
[BlackClock "0:00:38"]

1. d4 Nf6 2. c4 e6 3. Nf3 d5 4. Nc3 Bb4 5. cxd5 exd5 6. Bg5 h6 7. Bh4 c6 8. e3 Bf5 9. Be2 Nbd7 10. O-O O-O 11. Qb3 Qe7 12. a3 Bxc3 13. bxc3 b5 14. a4 a6 15. Nd2 Qe6 16. Bg3 Ne4 17. Nxe4 Bxe4 18. axb5 axb5 19. Qb2 Nb6 20. Rxa8 Rxa8 21. Ra1 Qc8 22. h3 Nc4 23. Bxc4 bxc4 24. Bd6 Rxa1+ 25. Qxa1 Qb7 26. f3 Qb1+ 27. Qxb1 Bxb1 28. Kf2 f5 29. Kg3 Kf7 30. Kf4 g5+ 31. Ke5 Bd3 32. g3 Kg6 33. Be7 Be2 34. f4 Bf3 35. Kd6 g4 36. h4 h5 37. Kxc6 Be4 38. Kd6 Bf3 39. Ke5 Be4 40. Bb4 Bf3 41. Ba3 Be4 42. Kd6 Bf3 43. Kc5 Be4 44. Kb5 Bf3 45. Bd6 Be4 46. Kb4 Kf7 47. Ka3 Ke6 48. Be5 Kd7 49. Ka4 Kc6 50. Ka5 Bf3 51. Ka6 Be4 52. Ka7 Kd7 53. Kb8 Bf3 54. Bf6 Be4 55. Bg5 Bf3 56. Bh6 Be4 57. Bf8 Bf3 58. Bb4 Be4 59. Kb7 Bf3 60. Kb6 Be4 61. Ka5 Bf3 62. Ka4 Be4 63. Ka3 Bf3 64. Kb2 Be4 65. Kc1 Bf3 66. Kd2 Be4 67. Kd1 Bf3+ 68. Ke1 Be4 69. Kd2 Bf3 70. Bc5 Be4 71. Bf8 Bf3 72. Bh6 Be4 73. Kc1 Bf3 74. Kb2 Be4 75. Ka3 Bf3 76. Kb4 Be4 77. Kc5 Bf3 78. Kb6 Be4 79. Kb5 Bf3 80. Kb4 Be4 81. Bg5 Bf3 82. Bf6 Be4 83. Be5 Bf3 84. Bg7 Be4 85. Bh8 Bf3 86. Kc5 Be4 87. Bg7 1/2-1/2


[Site "https://www.chess.com"]

[Event "Titled Tuesday Blitz November 29 Late 2022"]
[White "Ezat, Mohamed"]
[Black "Milikow, Yoav"]
[WhiteFideId "10600906"]
[BlackFideId "2822237"]
[WhiteElo "2564"]
[BlackElo "2855"]
[Result "0-1"]
[Round "03"]
[TimeControl "180+1"]
[Date "2022.11.30"]
[WhiteClock "0:00:01"]
[BlackClock "0:00:06"]

1. d4 d5 2. c4 e6 3. Nc3 Nf6 4. cxd5 exd5 5. Bg5 Bb4 6. e3 h6 7. Bh4 g5 8. Bg3 Ne4 9. Bd3 Nxc3 10. bxc3 Bxc3+ 11. Kf1 Bxa1 12. Qxa1 Be6 13. Qb2 Qc8 14. h4 g4 15. Ne2 Nd7 16. Nf4 Nb6 17. Nh5 Nd7 18. Qa3 f5 19. Ng7+ Kf7 20. Nxf5 Qf8 21. Qc3 Rc8 22. h5 Kg8 23. Nh4 Qf6 24. Qa3 c5 25. Qb2 cxd4 26. exd4 b6 27. Kg1 Qg5 28. Kh2 Kf7 29. Bg6+ Kg7 30. Re1 Qf6 31. Qa3 a5 32. Qd6 Rhe8 33. Bxe8 Rxe8 34. Ng6 Bf7 35. Qxd7 Rxe1 36. Be5 Rxe5 37. dxe5 Qxf2 38. Qd6 g3+ 39. Kh3 Qf5+ 40. Kxg3 Qg5+ 41. Kf2 Qf5+ 42. Kg1 Bxg6 43. hxg6 Qxg6 44. e6 Qb1+ 45. Kh2 Qe4 46. Qd7+ Kf6 47. Qf7+ Kg5 48. e7 Qh4+ 49. Kg1 Qe1+ 0-1


[Site "https://www.chess.com"]

[Event "Titled Tuesday Blitz November 29 Late 2022"]
[White "Fedoseev, Vladimir"]
[Black "Bazeev, German"]
[WhiteFideId "24130737"]
[BlackFideId "24119350"]
[WhiteElo "3039"]
[BlackElo "2779"]
[Result "1-0"]
[Round "03"]
[TimeControl "180+1"]
[Date "2022.11.30"]
[WhiteClock "0:00:18"]
[BlackClock "0:00:10"]

1. Nf3 Nf6 2. g3 d5 3. Bg2 c6 4. O-O Bg4 5. d3 Nbd7 6. Nbd2 e5 7. e4 Bd6 8. Re1 O-O 9. h3 Bh5 10. Qe2 Re8 11. a3 a5 12. b3 a4 13. b4 Bf8 14. Bb2 d4 15. c3 dxc3 16. Bxc3 c5 17. b5 b6 18. Nc4 Bxf3 19. Bxf3 Qc7 20. Bg2 g6 21. Rf1 Bg7 22. Rab1 Nf8 23. Kh2 N6d7 24. Qc2 Ne6 25. Rfd1 Nd4 26. Qb2 h5 27. h4 Nf6 28. Bh3 Red8 29. Kg2 Ng4 30. f3 Nf6 31. Qf2 Ne8 32. Ne3 Qb7 33. Kg1 Nd6 34. Bxd4 exd4 35. Nd5 Ne8 36. f4 Rxd5 37. exd5 Nd6 38. Bg2 Qd7 39. Re1 Rd8 40. Kh2 Nxb5 41. Bh3 f5 42. Re6 Kf7 43. Rxb6 Nd6 44. Qc2 Rc8 45. Bg2 c4 46. dxc4 Rxc4 47. Rxd6 1-0


[Site "https://www.chess.com"]

[Event "Titled Tuesday Blitz November 29 Late 2022"]
[White "Ferreira, Vitor Hugo Vieira"]
[Black "Hardaway, Brewington"]
[WhiteFideId "2119765"]
[BlackFideId "30941849"]
[WhiteElo "2168"]
[BlackElo "2159"]
[Result "0-1"]
[Round "03"]
[TimeControl "180+1"]
[Date "2022.11.30"]
[WhiteClock "0:00:30"]
[BlackClock "0:00:51"]

1. Nf3 Nf6 2. g3 e6 3. Bg2 b6 4. O-O Bb7 5. c4 Be7 6. Nc3 O-O 7. d4 d5 8. Ne5 Nbd7 9. Qa4 c5 10. cxd5 cxd4 11. Nxd7 Qxd7 12. Qxd7 Nxd7 13. dxe6 Bxg2 14. Kxg2 fxe6 15. Rd1 e5 16. Nd5 Bf6 17. e3 Rad8 18. exd4 exd4 19. Bf4 Nc5 20. Nxf6+ gxf6 21. b4 Ne6 22. Bh6 Rfe8 23. Rd2 Kf7 24. Rd3 Kg6 25. Bd2 Kf5 26. Rd1 Ke4 27. Bc1 Rd6 28. f3+ Kd5 29. Bd2 Rc8 30. Ra3 Rc7 31. f4 f5 32. Re1 Rc2 33. Re5+ Kc4 34. Re2 d3 35. Rf2 Rd7 36. Kf3 Nd4+ 37. Kg2 Ne2 38. Be1 d2 39. Bxd2 Rdxd2 40. Rxa7 Nxf4+ 0-1


[Site "https://www.chess.com"]

[Event "Titled Tuesday Blitz November 29 Late 2022"]
[White "Firouzja, Alireza"]
[Black "Pakleza, Zbigniew"]
[WhiteFideId "12573981"]
[BlackFideId "1119290"]
[WhiteElo "3145"]
[BlackElo "2809"]
[Result "0-1"]
[Round "03"]
[TimeControl "180+1"]
[Date "2022.11.30"]
[WhiteClock "0:00:02"]
[BlackClock "0:00:02"]

1. d4 d5 2. Bg5 h6 3. Bh4 c6 4. Nf3 Qb6 5. Qc1 Bf5 6. e3 Nd7 7. c4 e6 8. Nc3 Ngf6 9. Be2 Be7 10. O-O O-O 11. c5 Qd8 12. b4 a6 13. Nd2 e5 14. Nb3 Ne4 15. Nxe4 Bxe4 16. Bg3 Bf6 17. Qd2 Re8 18. Bg4 Nf8 19. Na5 Rb8 20. Rad1 Bg6 21. dxe5 Bxe5 22. f4 Bc7 23. f5 Bh7 24. f6 Bxg3 25. hxg3 gxf6 26. Bf5 Bg6 27. Nb3 Qe7 28. Rde1 Ne6 29. e4 dxe4 30. Qxh6 Qf8 31. Qh4 Ng5 32. Nd2 e3 33. Nc4 Bxf5 34. Rxf5 Re4 35. Rf4 Re6 36. Nd6 b6 37. Qh5 bxc5 38. Rh4 Qg7 39. Nf5 Qh7 40. Nh6+ Kf8 41. Qg4 Rxb4 42. Qh5 Qg6 43. Qd1 Rxh4 44. gxh4 Qxh6 45. hxg5 Qxg5 46. Qd3 f5 47. Qxa6 f4 48. Qe2 c4 49. a4 c3 50. a5 Qxa5 51. Rf1 Qg5 52. Qc4 e2 53. Qb4+ Kg8 54. Re1 f3 55. Qb8+ Kg7 0-1


[Site "https://www.chess.com"]

[Event "Titled Tuesday Blitz November 29 Late 2022"]
[White "Floresvillar Gonzalez, Luis Migu"]
[Black "Malka, Samuel"]
[WhiteFideId "5100542"]
[BlackFideId "20643675"]
[WhiteElo "2040"]
[BlackElo "2415"]
[Result "0-1"]
[Round "03"]
[TimeControl "180+1"]
[Date "2022.11.30"]
[WhiteClock "0:00:54"]
[BlackClock "0:00:55"]

1. c4 g6 2. Nc3 Bg7 3. g3 c5 4. Bg2 Nc6 5. h4 h6 6. d3 Nf6 7. Nf3 d5 8. cxd5 Nxd5 9. Bd2 Nc7 10. O-O O-O 11. Rc1 Bd7 12. a3 a5 13. Qc2 b6 14. Bf4 Ne6 15. Be3 Rc8 16. Qd2 Kh7 17. Ne4 f5 18. Nc3 Ned4 19. Qd1 e5 20. Bxd4 exd4 21. Nb1 f4 22. Nbd2 fxg3 23. fxg3 Qc7 24. Ne4 Bf5 25. Qe1 Rce8 26. Kh2 Bxe4 27. dxe4 Ne5 28. Nxe5 Bxe5 29. Rxf8 Rxf8 30. Bf3 Qe7 31. Kg2 Qe6 32. Qf2 Bd6 33. Rh1 h5 34. Qe1 Qe5 35. Rh3 c4 36. Qd2 Bc5 37. Qg5 Qxg5 38. hxg5 c3 39. bxc3 dxc3 40. g4 c2 41. gxh5 c1=Q 42. hxg6+ Kxg6 43. Rh6+ Kg7 0-1


[Site "https://www.chess.com"]

[Event "Titled Tuesday Blitz November 29 Late 2022"]
[White "Freile Martin, Javier"]
[Black "Pinheiro, Iung Alicio de O."]
[WhiteFideId "3600165"]
[BlackFideId "2104350"]
[WhiteElo "2320"]
[BlackElo "2283"]
[Result "1-0"]
[Round "03"]
[TimeControl "180+1"]
[Date "2022.11.30"]
[WhiteClock "0:00:21"]
[BlackClock "0:00:01"]

1. c4 c5 2. Nc3 Nc6 3. Nf3 g6 4. e3 Nf6 5. d4 cxd4 6. exd4 d5 7. cxd5 Nxd5 8. Qb3 e6 9. Bg5 f6 10. Bd2 Bg7 11. Bc4 Na5 12. Bb5+ Nc6 13. O-O O-O 14. Rfe1 Na5 15. Qd1 a6 16. Bd3 Bd7 17. Ne4 Re8 18. Nc5 Bc8 19. Rc1 Nc6 20. Qb3 Rb8 21. Bc4 Kh8 22. Bxd5 exd5 23. Rxe8+ Qxe8 24. Qxd5 Bf5 25. h3 Rd8 26. Qb3 Nxd4 27. Nxd4 Rxd4 28. Be3 Rd8 29. Qxb7 a5 30. a3 g5 31. b4 axb4 32. axb4 Rb8 33. Qf3 Bg6 34. Na6 Rc8 35. Rxc8 Qxc8 36. b5 h6 37. Qc6 Qf5 38. b6 Qb1+ 39. Qc1 Qb5 40. Nc7 Qb3 41. Qc6 Qb1+ 42. Kh2 Be4 43. Qe8+ Kh7 44. Ne6 Qb2 45. Nf8+ Bxf8 46. Qxe4+ Kg7 47. b7 Bd6+ 48. g3 Qb3 49. Qc6 Be5 50. Qd7+ Kg6 51. Qc8 Qb2 52. Qc6 h5 53. Kg2 h4 54. g4 1-0


[Site "https://www.chess.com"]

[Event "Titled Tuesday Blitz November 29 Late 2022"]
[White "Gajwa Ankit"]
[Black "Annaberdiyev, Babageldi"]
[WhiteFideId "5077834"]
[BlackFideId "14000385"]
[WhiteElo "2145"]
[BlackElo "2332"]
[Result "0-1"]
[Round "03"]
[TimeControl "180+1"]
[Date "2022.11.30"]
[WhiteClock "0:00:52"]
[BlackClock "0:01:23"]

1. e4 e6 2. d4 d5 3. Nc3 Nf6 4. e5 Nfd7 5. f4 c5 6. Nf3 Nc6 7. Be3 a6 8. Qd2 b5 9. dxc5 Bxc5 10. Bd3 Qb6 11. Bf2 Bb7 12. O-O h6 13. Rae1 O-O-O 14. Kh1 Bxf2 15. Rxf2 g5 16. Rfe2 g4 17. Nh4 Nc5 18. a3 Kb8 19. f5 g3 20. hxg3 Rhg8 21. Qf4 Rg5 22. Nf3 Rh5+ 23. Nh4 Rg5 24. b4 Nxd3 25. cxd3 Nd4 26. Rf2 Nxf5 27. Rf3 Rdg8 28. Nxf5 Rxf5 29. Qxh6 Rxf3 30. gxf3 Qf2 31. Rg1 Qxf3+ 32. Kh2 d4 33. Ne4 Bxe4 34. dxe4 Qxe4 35. Rf1 Qe2+ 0-1


[Site "https://www.chess.com"]

[Event "Titled Tuesday Blitz November 29 Late 2022"]
[White "Gatterer, Florian"]
[Black "Koellner, Ruben Gideon"]
[WhiteFideId "811688"]
[BlackFideId "12993093"]
[WhiteElo "2218"]
[BlackElo "2303"]
[Result "0-1"]
[Round "03"]
[TimeControl "180+1"]
[Date "2022.11.30"]
[WhiteClock "0:00:12"]
[BlackClock "0:00:33"]

1. c4 d6 2. Nc3 Nf6 3. g3 g6 4. Bg2 Bg7 5. Nf3 O-O 6. b3 Nbd7 7. d4 e5 8. Bb2 Re8 9. dxe5 Nxe5 10. Nxe5 dxe5 11. Qxd8 Rxd8 12. Nd5 Nxd5 13. cxd5 f6 14. Rc1 Rd7 15. e4 Bf8 16. O-O Bd6 17. f4 Rf7 18. fxe5 fxe5 19. Rxf7 Kxf7 20. Kf2 Bd7 21. a4 Rf8 22. Ke2 Ke7 23. Bf3 b5 24. a5 b4 25. Ke3 Rb8 26. h4 Rb5 27. Ra1 Rc5 28. Kd2 c6 29. dxc6 Bxc6 30. Rc1 Rxc1 31. Bxc1 Bc5 32. Bb2 Kd6 33. Bg2 Bb5 34. Bf3 Bd4 35. Bxd4 exd4 36. Be2 Bxe2 37. Kxe2 Ke5 38. Kd3 a6 39. g4 h6 40. h5 g5 41. Kc4 Kxe4 42. Kxb4 d3 43. Kc3 Ke3 44. b4 d2 45. b5 axb5 46. a6 d1=Q 47. a7 Qa4 48. a8=Q Qxa8 49. Kb4 Qe4+ 50. Kxb5 Qxg4 51. Kc5 Qxh5 52. Kd6 Qf3 53. Ke7 g4 54. Ke8 g3 55. Ke7 g2 56. Kd6 g1=Q 57. Ke5 Qg5+ 0-1


[Site "https://www.chess.com"]

[Event "Titled Tuesday Blitz November 29 Late 2022"]
[White "Girel, Joseph"]
[Black "Korobov, Anton"]
[WhiteFideId "36033561"]
[BlackFideId "14105730"]
[WhiteElo "2769"]
[BlackElo "3010"]
[Result "0-1"]
[Round "03"]
[TimeControl "180+1"]
[Date "2022.11.30"]
[WhiteClock "0:01:31"]
[BlackClock "0:01:31"]

1. d4 Nf6 2. c4 c6 3. Nf3 d5 4. cxd5 cxd5 5. Nc3 Nc6 6. Bf4 a6 7. Rc1 Bf5 8. e3 e6 9. Qb3 Ra7 10. Be2 Bd6 11. Bxd6 Qxd6 12. O-O O-O 13. Na4 Ne4 14. Nc5 Na5 15. Qa4 b6 16. Nxe4 Bxe4 17. Ne5 Rc7 18. b4 Nc4 19. Qxa6 Nxe5 20. dxe5 Qxe5 21. Qxb6 Rxc1 22. Rxc1 Qb2 23. Re1 Qd2 24. Kf1 Bxg2+ 25. Kxg2 Qxe1 26. Qb5 g6 27. a4 Rc8 28. Qd3 Qxb4 0-1


[Site "https://www.chess.com"]

[Event "Titled Tuesday Blitz November 29 Late 2022"]
[White "Goltsev, Dmitry"]
[Black "Chigaev, Maksim"]
[WhiteFideId "24176710"]
[BlackFideId "4108116"]
[WhiteElo "2756"]
[BlackElo "2998"]
[Result "0-1"]
[Round "03"]
[TimeControl "180+1"]
[Date "2022.11.30"]
[WhiteClock "0:00:04"]
[BlackClock "0:00:07"]

1. e4 c5 2. Nf3 e6 3. d4 cxd4 4. Nxd4 Nf6 5. Nc3 Nc6 6. Be2 Qc7 7. Qd3 Nb4 8. Qd1 a6 9. a3 Nc6 10. O-O Be7 11. Nxc6 bxc6 12. Qd3 O-O 13. Bg5 d5 14. exd5 cxd5 15. Bf3 Ng4 16. Bxg4 Bxg5 17. g3 Rb8 18. Nd1 Bd7 19. Be2 Bb5 20. Qf3 Qxc2 21. Bxb5 Rxb5 22. b4 Bf6 23. Ne3 Qa4 24. Qd1 Qxd1 25. Raxd1 a5 26. bxa5 Rxa5 27. Rd3 Rfa8 28. Rb1 h5 29. Rbb3 g6 30. Kg2 Be7 31. Nc2 R8a7 32. Nb4 Rc7 33. h4 Kg7 34. Rdc3 Rxc3 35. Rxc3 Ra4 36. Nc2 d4 37. Rd3 e5 38. f4 f6 39. fxe5 fxe5 40. Kf3 Kf6 41. Ke4 Ke6 42. Rb3 Bc5 43. Ne1 d3+ 44. Kxd3 Bxa3 45. Ke2 Bc5 46. Nd3 Bd4 47. Rb8 Kf5 48. Rf8+ Ke4 49. Nf2+ Bxf2 50. Kxf2 Ra2+ 51. Kf1 Ra6 52. Kf2 Rb6 53. Rg8 Rb2+ 54. Ke1 Ke3 55. Kd1 Rb6 56. Ra8 Kf2 57. Ra3 e4 58. Kd2 Rd6+ 59. Kc3 Rd3+ 60. Kc4 Rxa3 0-1


[Site "https://www.chess.com"]

[Event "Titled Tuesday Blitz November 29 Late 2022"]
[White "Graif, William"]
[Black "Fernandez De La Vara, Arnaldo"]
[WhiteFideId "2609835"]
[BlackFideId "3518388"]
[WhiteElo "2205"]
[BlackElo "2387"]
[Result "1-0"]
[Round "03"]
[TimeControl "180+1"]
[Date "2022.11.30"]
[WhiteClock "0:00:08"]
[BlackClock "0:00:07"]

1. e4 c5 2. Nc3 e6 3. Nge2 Nf6 4. g3 d5 5. exd5 exd5 6. d4 Nc6 7. Bg2 Bg4 8. h3 Bh5 9. g4 Bg6 10. O-O h6 11. Be3 cxd4 12. Nxd4 Bb4 13. Nb3 Bxc3 14. bxc3 O-O 15. Rb1 Ne4 16. Qe1 Re8 17. f3 Nd6 18. Qf2 Nc4 19. Bd4 Rc8 20. Rfe1 Qc7 21. f4 Be4 22. Bxe4 dxe4 23. Nc5 e3 24. Bxe3 b6 25. Nd3 Re4 26. Bd4 Rce8 27. Rxe4 Rxe4 28. Re1 Qe7 29. Rxe4 Qxe4 30. Qg2 Qe6 31. f5 Qd6 32. Qh2 1-0


[Site "https://www.chess.com"]

[Event "Titled Tuesday Blitz November 29 Late 2022"]
[White "Gurevich, Dmitry"]
[Black "Lopez Perdomo, Juan David"]
[WhiteFideId "2000407"]
[BlackFideId "4405137"]
[WhiteElo "2506"]
[BlackElo "1965"]
[Result "1-0"]
[Round "03"]
[TimeControl "180+1"]
[Date "2022.11.30"]
[WhiteClock "0:00:32"]
[BlackClock "0:01:37"]

1. d4 e6 2. c4 c5 3. Nf3 cxd4 4. Nxd4 d6 5. Nc3 Nf6 6. e4 Be7 7. Be2 O-O 8. O-O Nc6 9. Be3 Nxd4 10. Bxd4 a6 11. Rc1 Bd7 12. f3 Bc6 13. Qd2 Rc8 14. Rfd1 Re8 15. b3 Qa5 16. Nd5 Qxd2 17. Nxe7+ Kf8 18. Rxd2 Kxe7 19. Rcd1 Red8 20. g4 h6 21. h4 d5 22. exd5 exd5 23. cxd5 Rxd5 24. Bxf6+ Kxf6 25. Rxd5 Bxd5 26. Rxd5 Rc2 27. Kf2 Rxa2 28. Rd6+ Ke7 29. Rb6 a5 30. Rxb7+ Kf6 31. f4 a4 32. Rb6+ Ke7 33. bxa4 Rxa4 34. Ke3 Ra7 35. Bf3 g6 36. Rb7+ Rxb7 37. Bxb7 Kf6 38. Bd5 g5 39. fxg5+ hxg5 40. h5 Ke5 41. Bxf7 Kf6 42. Bc4 Kg7 43. Ke4 Kf6 44. Bb3 Kg7 45. Kf5 Kh6 46. Kf6 Kh7 47. Kxg5 Kg7 48. Bc2 Kh8 49. Kh6 Kg8 50. g5 Kh8 51. g6 Kg8 52. Bb3+ Kh8 53. g7# 1-0


[Site "https://www.chess.com"]